AoeStats
← TM Caesar

Arena

508476019Analyzed
1v1 RM · 10d ago on Sep 22, 2026· 37m 55s· 2 players
Game mode
Random Map
Map size
Tiny (2 player)
Population
200
Speed
Normal
Resources
Standard
Victory
Conquest
Starting age
Dark Age
Ending age
Imperial Age
RankedLock teamsTeams togetherTeam positionsShared explorationLock speedFull tech treeHidden civsTurbo modeCheats
Victory
Defeat
🇪🇸 Random · Spain
1695
+13
🇦🇷 Random · Argentina
1635
-13
TM Caesar
10:17 Feudal Age
14:27 Castle Age
12:21 Horse Collar
12:59 Double-Bit Axe
13:56 Fletching
16:47 Loom
17:29 Heavy Plow
20:41 Gold Mining
22:33 Bodkin Arrow
22:58 Padded Archer Armor
23:37 Bow Saw
24:59 Wheelbarrow
28:48 Imperial Age
27:20 Hand Cart
27:08 Scale Mail Armor
27:17 Town Watch
27:46 Squires
28:13 Chain Mail Armor
28:34 Forging
29:39 Bracer
30:26 Plate Mail Armor
31:01 Elite Varangian Guard
38:36 Iron Casting
DK_virot16
6:29 Loom
10:09 Feudal Age
13:58 Castle Age
11:54 Double-Bit Axe
18:47 Fletching
21:58 Padded Archer Armor
26:08 Imperial Age
26:09 Leather Archer Armor
25:59 Bodkin Arrow
26:05 Scale Mail Armor
26:27 Forging
26:45 Squires
27:48 Stone Mining
29:56 Horse Collar
31:24 Conscription
37:22 Wheelbarrow
37:47 Iron Casting
37:27 Chain Mail Armor
Connection lost

Rejoining the realm…

Still unreachable

The connection could not be restored.

Session expired

The server has moved on; the page needs a fresh start.